 Dungeon Crawl Stone Soup version 0.31.0-11-ge490571c62 (webtiles) character file.

Game seed: 11042169977255510088

3287514 iamserjio the Hawkeye (level 27, 295/295 HPs)
             Began as a Gnoll Cinder Acolyte on Jan 31, 2024.
             Was a Priest of Ignis.
             Escaped with the Orb
             ... and 6 runes!
             The game lasted 04:00:11 (98099 turns).

iamserjio the Hawkeye (Gnoll Cinder Acolyte)       Turns: 98099, Time: 04:00:12

Health: 295/295    AC: 33    Str: 15    XL:     27
Magic:  51/51      EV: 19    Int: 30    God:    Ignis [***...]
Gold:   6671       SH: 19    Dex: 11    Spells: 2/66 levels left

rFire   + +          .
                       - Unarmed
rCold   + + .        X - +5 kite shield {rC+}
rNeg    + . .        y - melded +2 robe "Datoaf" {Regen+ Str+4 Archmagi}
rPois   ∞            e - +2 helmet of Vefuluetz {Int+3}
rElec   +            L - scarf {rC+ rF+}
rCorr   .            (gloves currently unavailable)
SInv    +            I - melded +2 pair of boots {Fly}
Will    ++++.        b - amulet of magic regeneration
Stlth   +++          s - ring of Ekhleak {Will++ MP+9 Int+4}
HPRegen 0.69/turn    n - ring of see invisible
MPRegen 0.72/turn

%: no passive effects
@: statue-form, studying 2 skills, very slow
A: slow and powerful, torment resistance 1, boosted hp, fangs 1, strong nose,
distributed training, low MP 1, sense surroundings 1
0: Orb of Zot
}: 6/15 runes: decaying, slimy, silver, abyssal, demonic, gossamer
a: Begin Untransformation, Renounce Religion, Fiery Armour, Foxfire Swarm


You escaped.
You worshipped Ignis.
Ignis was most pleased with you.
You were a living statue of rough stone.
You visited 11 branches of the dungeon, and saw 55 of its levels.
You visited Pandemonium 1 time, and saw 4 of its levels.
You visited the Abyss 2 times.
You visited 1 ziggurat, and saw 8 of its levels.
You also visited: Bailey and Ice Cave.

You collected 10594 gold pieces.
You spent 3923 gold pieces at shops.

Inventory:

Hand Weapons
 d - the +5 war axe of the Swamp {antimagic, rPois Str-5 Int+3 Stlth+}
   (You found it on level 5 of the Pits of Slime)

   Str-5:     It affects your strength (-5).
   Int+3:     It affects your intelligence (+3).
   rPois:     It protects you from poison Stlth+: It makes you more stealthy.
Missiles
 v - 12 javelins
 D - 4 silver javelins
 R - a throwing net {!f}
 T - 14 darts of dispersal
Armour
 e - the +2 helmet of Vefuluetz (worn) {Int+3}
   (You found it on level 4 of the Spider Nest)

   Int+3:     It affects your intelligence (+3).
 o - a +2 cloak of willpower
 y - the +2 robe "Datoaf" (melded) {Regen+ Str+4 Archmagi}
   (You found it on level 5 of the Vaults)

   Str+4:     It affects your strength (+4).
   Regen+:    It increases your rate of health regeneration.
   Archmagi:  It increases the power of your magical spells.
 I - a +2 pair of boots of flying (melded)
 L - a scarf of resistance (worn)
 X - a +5 kite shield of cold resistance (worn)
Magical Staves
 O - a staff of conjuration
Jewellery
 b - an amulet of magic regeneration (around neck)
 i - a ring of protection from cold
 n - a ring of see invisible (right fist)
 p - the ring of the City {Fly rElec Dex+2}
   (You took it off a yaktaur captain on level 5 of the Vaults)

   [ring of flight]

   Dex+2:     It affects your dexterity (+2).
   rElec:     It insulates you from electricity.
   Fly:       It grants you flight.
 s - the ring of Ekhleak (left fist) {Will++ MP+9 Int+4}
   (You acquired it on level 13 of the Dungeon)

   [ring of magical power]

   Int+4:     It affects your intelligence (+4).
   Will++:    It greatly increases your willpower.
   MP+9:      It affects your magic capacity (+9).
 x - the ring "Moos Nove" {rPois rN+ Str+4 Stlth+}
   (You found it on level 3 of the Crypt)

   [ring of positive energy]

   Str+4:     It affects your strength (+4).
   rPois:     It protects you from poison rN+: It protects you from negative
   energy.
   Stlth+:    It makes you more stealthy.
 z - a ring of fire
 K - the ring "Noestier" {rF+ Str+4}
   (You found it on level 3 of the Crypt)

   [ring of protection from fire]

   Str+4:     It affects your strength (+4).
   rF+:       It protects you from fire.
 N - a +6 ring of intelligence
 S - a ring of magical power
 W - the ring "Oheu" {rN+ rCorr}
   (You found it on level 3 of the Crypt)

   [ring of positive energy]

   rN+:       It protects you from negative energy.
   rCorr:     It protects you from acid and corrosion.
Talismans
 F - a granite talisman (active)
Wands
 q - a wand of acid (23) {@v1}
 M - a wand of paralysis (35)
 P - a wand of iceblast (37) {@v2}
 Z - a wand of digging (11) {@v3}
Scrolls
 c - 6 scrolls of teleportation {@r3}
 f - 5 scrolls of fog
 m - 12 scrolls of revelation
 B - 6 scrolls of fear
 H - 6 scrolls of blinking {@r4}
 Q - 6 scrolls of silence
 V - 2 scrolls of immolation
 Y - a scroll of summoning
Potions
 a - a potion of invisibility
 g - 3 potions of brilliance
 h - 6 potions of lignification
 j - 4 potions of heal wounds {@q2}
 k - 14 potions of curing {@q1}
 t - 5 potions of might {@q3}
 u - 2 potions of resistance {@q5}
 w - 5 potions of magic
 A - 4 potions of cancellation
 G - 9 potions of mutation
 U - 5 potions of haste {@q4}
Miscellaneous
 r - a condenser vane
 C - a phantom mirror
 E - a sack of spiders
 J - a lightning rod (4/4)


   Skills:
 + Level 20.8 Fighting
 + Level 20.0 Short Blades
 + Level 20.0 Long Blades
 + Level 20.0 Axes
 + Level 22.3 Maces & Flails
 + Level 20.8 Polearms
 + Level 20.0 Staves
 + Level 20.0 Ranged Weapons
 + Level 26.6 Throwing
 + Level 20.0 Armour
 + Level 20.0 Dodging
 + Level 20.0 Stealth
 + Level 20.0 Shields
 + Level 20.0 Unarmed Combat
 + Level 20.1 Spellcasting
 + Level 17.0 Conjurations
 + Level 17.0 Hexes
 + Level 17.0 Summonings
 + Level 22.5 Necromancy
 + Level 17.0 Translocations
 + Level 17.8 Fire Magic
 + Level 17.0 Ice Magic
 + Level 17.0 Air Magic
 + Level 17.0 Earth Magic
 + Level 17.0 Alchemy
 + Level 21.5 Invocations
 + Level 20.0 Evocations
 + Level 18.5 Shapeshifting


You had 2 spell levels left.
You knew the following spells:

 Your Spells              Type           Power      Damage    Failure   Level
a - Blink                 Tloc           100%       N/A       0%          2
b - Passwall              Erth           93%        N/A       0%          3
c - Passage of Golubria   Tloc           93%        N/A       0%          4
d - Summon Forest         Summ/Tloc      46%        N/A       1%          5
e - Borgnjor's Vile Clut  Necr/Erth      49%        N/A       0%          5
f - Lehudib's Crystal Sp  Conj/Erth      46%        10d11     10%         8
g - Spellforged Servitor  Conj/Summ      46%        N/A       1%          7
h - Maxwell's Capacitive  Air            46%        ∞         10%         8
i - Irradiate             Conj/Alch      46%        3d27      1%          5
j - Death's Door          Necr           52%        N/A       17%         9
k - Disjunction           Tloc           46%        N/A       10%         8

Your spell library contained the following spells:

 Spells                   Type           Power      Damage    Failure   Level
 Foxfire                  Conj/Fire      100%       2x1d9     0%          1
 Magic Dart               Conj           100%       1d8       0%          1
 Necrotise                Necr           100%       1d9       0%          1
 Sandblast                Erth           100%       2d20      0%          1
 Shock                    Conj/Air       100%       1d9       0%          1
 Slow                     Hex            100%       N/A       0%          1
 Sting                    Conj/Alch      100%       1d9       0%          1
 Summon Small Mammal      Summ           100%       N/A       0%          1
 Call Imp                 Summ           100%       N/A       0%          2
 Cigotuvi's Dreadful Rot  Necr/Alch/Air  100%       N/A       0%          2
 Ensorcelled Hibernation  Hex/Ice        100%       N/A       0%          2
 Jinxbite                 Hex            100%       N/A       0%          2
 Lesser Beckoning         Tloc           100%       N/A       0%          2
 Mercury Vapours          Alch/Air       100%       N/A       0%          2
 Momentum Strike          Conj/Tloc      100%       3d10      0%          2
 Scorch                   Fire           100%       2d9       0%          2
 Searing Ray              Conj           100%       2d8       0%          2
 Static Discharge         Conj/Air       100%       3-8/arc   0%          2
 Call Canine Familiar     Summ           93%        N/A       0%          3
 Confusing Touch          Hex            93%        N/A       0%          3
 Dazzling Flash           Conj/Hex       100%       N/A       0%          3
 Frozen Ramparts          Ice            100%       1d16      0%          3
 Fugue of the Fallen      Necr           100%       N/A       0%          3
 Hailstorm                Conj/Ice       93%        3d15      0%          3
 Inner Flame              Hex/Fire       94%        N/A       0%          3
 Sigil of Binding         Hex            93%        N/A       0%          3
 Stone Arrow              Conj/Erth      100%       3d13      0%          3
 Summon Ice Beast         Ice/Summ       93%        N/A       0%          3
 Swiftness                Air            93%        N/A       0%          3
 Tukima's Dance           Hex            93%        N/A       0%          3
 Vampiric Draining        Necr           100%       2d13      0%          3
 Volatile Blastmotes      Fire/Tloc      100%       2d18      0%          3
 Airstrike                Air            46%        2d(7-23)  0%          4
 Anguish                  Hex/Necr       49%        N/A       0%          4
 Animate Armour           Summ/Erth      100%       N/A       0%          4
 Animate Dead             Necr           100%       N/A       0%          4
 Brom's Barrelling Bould  Conj/Erth      93%        2d10      0%          4
 Dimensional Bullseye     Hex/Tloc       46%        N/A       0%          4
 Dispel Undead            Necr           100%       3d31      0%          4
 Flame Wave               Conj/Fire      94%        2d20      0%          4
 Fulminant Prism          Conj/Alch      46%        3d21      0%          4
 Ignite Poison            Fire/Alch      94%        N/A       0%          4
 Iskenderun's Mystic Bla  Conj/Tloc      93%        2d18      0%          4
 Leda's Liquefaction      Alch/Erth      46%        N/A       0%          4
 Manifold Assault         Tloc           93%        N/A       0%          4
 Martyr's Knell           Necr/Summ      99%        N/A       0%          4
 Olgreb's Toxic Radiance  Alch           93%        N/A       0%          4
 Petrify                  Alch/Erth      93%        N/A       0%          4
 Sticky Flame             Fire/Alch      94%        2d14      0%          4
 Summon Blazeheart Golem  Fire/Summ      94%        N/A       0%          4
 Summon Lightning Spire   Summ/Air       93%        N/A       0%          4
 Curse of Agony           Necr           100%       N/A       0%          5
 Alistair's Intoxication  Alch           62%        N/A       1%          5
 Fireball                 Conj/Fire      47%        3d19      1%          5
 Freezing Cloud           Conj/Ice/Air   46%        6-21      1%          5
 Iskenderun's Battlesphe  Conj           93%        2d14      1%          5
 Lee's Rapid Deconstruct  Erth           46%        3d22*     1%          5
 Metabolic Englaciation   Hex/Ice        46%        N/A       1%          5
 Summon Mana Viper        Hex/Summ       93%        N/A       1%          5
 Yara's Violent Unravell  Hex/Alch       46%        3d18      1%          5
 Bombard                  Conj/Erth      46%        9d8       1%          6
 Conjure Ball Lightning   Conj/Air       46%        3x3d16    1%          6
 Death Channel            Necr           52%        N/A       1%          6
 Dispersal                Tloc           46%        N/A       1%          6
 Eringya's Noxious Bog    Alch           46%        4d6       1%          6
 Plasma Beam              Fire/Air       47%        2x1d61    1%          6
 Sculpt Simulacrum        Ice/Alch       46%        N/A       1%          6
 Starburst                Conj/Fire      47%        6d13      1%          6
 Summon Cactus Giant      Summ           46%        N/A       1%          6
 Enfeeble                 Hex            46%        N/A       1%          7
 Haunt                    Necr/Summ      49%        N/A       1%          7
 Orb of Destruction       Conj           46%        9d12      1%          7
 Ozocubu's Refrigeration  Ice            46%        4d17      1%          7
 Ignition                 Fire           47%        3d13      8%          8
 Discord                  Hex            46%        N/A       10%         8
 Fire Storm               Conj/Fire      47%        8d12      78%         9
 Chain Lightning          Conj/Air       46%        3d62      83%         9
 Shatter                  Erth           46%        3d36*     83%         9
 Sublimation of Blood     Necr           Unusable   N/A       N/A         2

Dungeon Overview and Level Annotations

Branches:
Dungeon (15/15)            Temple (0/1) D:6            Lair (5/5) D:10
  Swamp (4/4) Lair:3       Spider (4/4) Lair:2        Slime (5/5) Lair:4
    Orc (2/2) D:11            Elf (3/3) Orc:2        Vaults (5/5) D:13
  Crypt (3/3) Vaults:3       Tomb (0/3) Crypt:3      Depths (4/4) D:15
    Zot (5/5) Depths:4     Bailey (visited)           IceCv (visited)

Altars:
Elyvilon
Fedhas
Hepliaklqana
Kikubaaqudgha
Vehumet
The Shining One

Shops:
D:1 *   D:4 ?   D:8 ?   Orc:2 :*[*(   Elf:2 (   Vaults:3 (   Vaults:4 :(
Vaults:5 *   Depths:3 ?

Portals:
Hell: Depths:1 Depths:2 Depths:3 Depths:4
Abyss: Depths:2 Depths:3
Pandemonium: Depths:2

Annotations:
Zot:1 2 transporters
Zot:3 3 runed translucent doors, Heisao's ghost, legendary TrBe; Sebriys's ghost, legendary TrBe


Innate Abilities, Weirdness & Mutations

You are a living statue of rough stone.
Your actions are slow, but your melee attacks are powerful.
You are resistant to unholy torment.
Your maximum health is greatly increased.
Your equipment is partially melded.
You are immune to poison.
You have very sharp teeth.
Your uncanny sense of smell can sniff out nearby items.
Your experience applies equally to all skills.
Your magical capacity is low. (-10% MP)
You passively map a small area around you.


Message History

The Executioner hits you but does no damage.
The Executioner hits you. You block the Executioner's attack.
The Executioner completely misses you. You block the Executioner's attack. x2
The Executioner hits you but does no damage.
The Executioner hits you. The Executioner barely misses you.
Your spellforged servitor gestures at the Executioner while chanting.
The crystal spear misses the Executioner.
The Executioner closely misses you.
The Executioner hits you but does no damage.
The Executioner hits you!
The Executioner attacks as it pursues you!
The Executioner completely misses you.
The Executioner hits you but does no damage.
You block the Executioner's attack. x3
The Executioner hits you but does no damage.
The Executioner closely misses you.
The Executioner hits you but does no damage. x2
The Executioner misses you.
The Executioner hits you but does no damage.
The Executioner completely misses you.
Your spellforged servitor casts a spell at the Executioner.
The crystal spear hits the Executioner!!
There is a stone staircase leading up here.
You catch the helpless Executioner completely off-guard!
You pummel the Executioner!!
You kill the Executioner!
Magic restored.
You climb upwards.
Your summoned ally is left behind.
There is a stone staircase leading down here.
What level of the Dungeon? (default 1, ? - help)
There is an open door here.
There is an open door here.
There is a stone staircase leading up here.
You climb upwards.
There is a stone staircase leading down here.
You open the door.
There is an open door here.
HP restored.
There is a staircase leading out of the dungeon here.
You have escaped!

##...## #.# ##.## #. #..##.## #.#
##.## #. #.####.## #.# ##.## #.
#..# ##.## #.# ##.## #. ## ##.#
##.###.###.## #. .#####.##
##.##.##.## ########. ........##
##X#.#.## ##....##..
.#####...######.#.######.....#...
## ###.......#8#.......#...##.. #
#.#######.#.#####.......... #.#
##.#.#.## ###....###. ###
##.##.##.## ###.## #. #
##.###.###.## #.## ##' ## ##.##
#.# ##.## ### ##.. .## ##.## #.#
##.## ##... ..## ###.## #.# ##.##
##.... ...####..## ###.###
##.###.....


You could see an Orb Guardian.

Vanquished Creatures
  the Royal Jelly (Slime:5)
  Dissolution (Slime:3)
  Frederick (Vaults:5)
  4 dread liches
  3 ancient liches
  An orb of fire (Zot:5)
  Mara (Depths:3)
  Sojobo (Vaults:5)
  2 royal mummies (Zig:7)
  Boris (Vaults:5)
  A Killer Klown (Zot:5)
  3 curse toes
  The ghost of DizzySkin the Executioner, a veteran MiBe of Trog (Vaults:1)
  A caustic shrike (D:15)
  5 golden dragons
  Jory (Vaults:3)
  Nikola (Swamp:3)
  the Enchantress (Depths:3)
  Norris (Elf:2)
  3 bone dragons
  A doom hound (Zig:3)
  A shard shrike zombie (Crypt:3)
  2 electric golems
  A Hell Sentinel (Pan)
  Zenata (Crypt:2)
  6 tentacled monstrosities
  A lich (Crypt:3)
  A hellephant (Depths:3)
  19 Orb Guardians (Zot:5)
  6 quicksilver dragons
  Mlioglotl (Spider:3)
  2 deep elf master archers (Elf:3)
  Asterion (Elf:2)
  Frances (Spider:1)
  2 walking divine tomes (Depths:3)
  2 Executioners
  2 ancient champions
  6 sphinxes
  12 acid blobs
  5 death cobs
  2 deep elf blademasters (Elf:3)
  2 titans
  5 tentacled starspawn
  3 thorn hunters (Swamp:4)
  Agnes (Spider:1)
  12 storm dragons
  11 tengu reavers
  A demonspawn warmonger (Pan)
  Aizul (Swamp:1)
  8 draconian monks
  7 azure jellies
  3 protean progenitors
  9 fire giants
  Donald (Swamp:3)
  2 revenants (Crypt:3)
  12 shadow dragons
  8 rockslimes
  3 frost giants
  6 draconian shifters
  6 draconian knights
  2 emperor scorpions
  3 iron dragons
  16 vault wardens
  3 deep elf sorcerers
  The ghost of sanka the Brawler, a journeyman TrMo of Ru (D:15)
  6 draconian scorchers
  6 ghost moths
  4 deep elf elementalists (Elf:3)
  3 ghouls (Vaults:3)
  A balrug (Pan)
  Louise (Spider:1)
  6 draconian annihilators
  2 orc warlords
  3 curse skulls
  4 draconian stormcallers
  A reaper (Crypt:2)
  24 ironbound preservers
  4 stone giants
  7 ironbound thunderhulks
  2 demonspawn corrupters (Pan)
  3 broodmothers (Spider:4)
  6 very ugly things
  4 spriggan defenders
  4 cacodemons
  An eleionoma (Swamp:4)
  10 quicksilver oozes
  3 vampire knights
  6 formless jellyfish
  9 deep elf demonologists
  6 black draconians
  15 dire elephants
  The ghost of Tacit the Basher, a journeyman GrMo of Gozag (Spider:4)
  3 lorocyprocas
  4 deep elf annihilators (Elf:3)
  7 bunyips
  16 green draconians
  10 deep elf death magi
  8 spark wasps
  10 white draconians
  13 war gargoyles
  11 yellow draconians
  8 red draconians
  Azrael (Spider:1)
  10 purple draconians
  4 eidola (Crypt:2)
  2 blizzard demons
  6 crystal guardians
  An acid blob zombie (Crypt:2)
  9 ettins
  2 jiangshi (Crypt:2)
  5 fire dragons
  3 deep elf high priests (Vaults:5)
  6 ice dragons
  20 yaktaur captains
  A salamander tyrant (Depths:2)
  2 ogre magi (Vaults:5)
  7 rakshasas
  22 vault guards
  A shambling mangrove (Swamp:1)
  5 entropy weavers
  19 hydras
  4 jorogumos
  5 peacekeepers
  A quicksilver dragon skeleton (Crypt:3)
  A hell beast (Zig:8)
  11 ghost crabs
  9 spriggan air magi
  7 great orbs of eyes
  4 spriggan skeletons
  9 centaur warriors
  12 ironbound frosthearts
  A merfolk avatar (Abyss:5)
  9 alligators
  An Orb Guardian zombie (Crypt:2)
  An anaconda (shapeshifter) (Depths:3)
  8 boulder beetles
  A fenstrider witch skeleton (Crypt:3)
  2 catoblepae (Lair:5)
  3 death knights
  3 radroaches
  8 hell hogs (Depths:3)
  9 deep troll shamans
  5 death yaks (Lair:5)
  2 death scarabs
  3 vampire magi
  6 two-headed ogres
  A tengu warrior (D:14)
  A sphinx skeleton (Zig:7)
  8 deep troll earth magi
  33 dancing weapons
  2 orc high priests
  8 thrashing horrors
  5 occultists
  4 spriggan berserkers
  4 soul eaters
  7 hell knights
  7 deep elf knights
  7 demonic crawlers
  2 sun demons
  3 skysharks
  14 spriggans
  2 wretched stars (Abyss:5)
  7 iron trolls
  2 shadow wraiths (Vaults:5)
  28 skeletal warriors
  2 sixfirhies
  A salamander mystic (Depths:2)
  A goliath frog (Swamp:3)
  A deep troll (shapeshifter) (Vaults:5)
  6 pharaoh ants
  9 swamp dragons
  3 glowing orange brains
  69 deep trolls
  A storm dragon skeleton (Zig:7)
  A sun moth (Lair:2)
  3 shadow demons (Pan)
  2 arcanists
  2 spriggan druids
  2 glowing orange brains (shapeshifter)
  89 slime creatures
  7 orb spiders
  A bunyip skeleton (Crypt:1)
  A shadow dragon zombie (Crypt:3)
  13 lindwurms
  2 flayed ghosts (Crypt:2)
  5 deep elf archers
  5 bog bodies
  10 harpies (Vaults:1)
  A sea snake (shapeshifter) (Depths:3)
  3 anaconda skeletons (Crypt:3)
  10 orc knights
  22 deep elf pyromancers
  23 deep elf zephyrmancers
  12 ironbound convokers
  3 phantasmal warriors
  4 starcursed masses (Abyss:5)
  10 steelbarb worms
  An iron dragon zombie (Crypt:3)
  6 necromancers
  3 orc sorcerers
  A wolf spider zombie (D:12)
  2 frost giant zombies
  28 wolf spiders
  6 large abominations
  4 shining eyes
  2 golden dragon skeletons
  A cyclops (D:13)
  8 salamanders (Depths:2)
  10 ugly things
  A will-o-the-wisp (Swamp:1)
  26 moths of wrath
  2 manticores (Lair:5)
  A stone giant skeleton (Crypt:2)
  A worldbinder (Abyss:5)
  10 meliai
  An iron dragon skeleton (Crypt:2)
  A black mamba (shapeshifter) (Zig:2)
  7 elephants
  A fire giant skeleton (Depths:1)
  6 eyes of devastation
  12 centaur zombies
  A water nymph (shapeshifter) (Vaults:5)
  A black mamba (Lair:2)
  2 centaur skeletons
  6 smoke demons
  15 vault sentinels
  9 cane toads
  2 torpor snails (Spider:4)
  4 gargoyles (Crypt:3)
  A white draconian zombie (Crypt:1)
  5 rime drakes
  3 hellions
  4 freezing wraiths
  An unseen horror zombie (Crypt:2)
  2 tormentors (Pan)
  6 komodo dragons
  37 yaktaurs
  A golden dragon simulacrum (Zot:4)
  11 ice devils (IceCv)
  3 efreet
  2 anaconda simulacra (IceCv)
  6 guardian mummies
  A red draconian skeleton (Crypt:2)
  2 tengu conjurers
  2 hellwings (Pan)
  A polar bear (shapeshifter) (D:13)
  7 trolls
  2 wolf spider simulacra (D:15)
  The ghost of dakkaduck the Cleaver, an amateur MiBe of Trog (D:4)
  A shadow dragon simulacrum (Vaults:4)
  A wind drake (Zig:6)
  8 tyrant leeches
  3 bloated husks (Swamp:1)
  A red devil (Pan)
  3 spriggan zombies
  24 tarantellas
  16 hornets
  A harpy skeleton (Crypt:3)
  An alligator simulacrum (Crypt:2)
  7 blink frogs
  8 dream sheep
  A snapping turtle (shapeshifter) (Vaults:5)
  7 raiju (Abyss:5)
  A dream sheep (shapeshifter) (Vaults:5)
  A glass eye (shapeshifter) (Vaults:5)
  4 glass eyes
  2 meliai zombies (D:12)
  A blink frog (shapeshifter) (D:14)
  11 shadows
  A stone giant simulacrum (Vaults:4)
  4 fire dragon skeletons
  23 culicivoras
  6 air elementals
  An ettin skeleton (Crypt:3)
  20 jumping spiders
  2 dire elephant simulacra (IceCv)
  Sigmund (D:2)
  3 ynoxinuls
  6 water elementals (Elf:2)
  31 yaks
  3 vampires (D:12)
  2 basilisks
  3 wargs
  8 wraiths
  6 wyverns
  A redback (shapeshifter) (Depths:3)
  A human (shapeshifter) (D:13)
  8 vampire mosquitoes
  A yellow draconian simulacrum (Zot:4)
  4 death yak simulacra (IceCv)
  10 fire elementals
  6 golden eyes
  45 redbacks
  Menkaure (D:5)
  4 steam dragons (Zig:6)
  15 swamp worms
  2 neqoxecs (Abyss:5)
  5 chaos spawn
  3 harpy simulacra (IceCv)
  A naga (Bailey)
  A human zombie (Depths:1)
  2 glowing shapeshifter skeletons
  3 hell hounds (Spider:1)
  A hydra simulacrum (IceCv)
  9 water moccasins
  4 black bears
  2 ice beasts
  27 orc warriors
  8 swamp drakes (Swamp:4)
  A sky beast (D:7)
  5 small abominations
  9 laughing skulls
  5 ogres
  13 centaurs
  A phantom (D:5)
  2 lemures (D:8)
  3 nameless horrors
  A salamander zombie (Crypt:1)
  3 kobold brigands
  Blork the orc (D:5)
  9 bullfrogs
  3 cane toad simulacra (IceCv)
  9 earth elementals (Elf:2)
  4 necrophages (Crypt:1)
  3 gnoll sergeants
  2 scorpions
  6 wights (D:8)
  A two-headed ogre simulacrum (IceCv)
  A water moccasin skeleton (Crypt:1)
  5 elephant simulacra (IceCv)
  A killer bee (D:6)
  A raiju skeleton (Crypt:1)
  2 electric eels
  A bombardier beetle (D:3)
  A crimson imp (Abyss:2)
  A quasit (Abyss:3)
  A hound (D:5)
  An iron imp (Abyss:2)
  2 jellies
  14 orc priests
  2 gnoll boudas
  4 iguanas
  2 boggart zombies (D:12)
  Ijyb (D:4)
  12 orc wizards
  5 polar bear simulacra
  A spriggan simulacrum (IceCv)
  2 wolf simulacra (IceCv)
  A troll simulacrum (IceCv)
  6 ogre zombies (D:11)
  8 mummies
  A steam dragon zombie (Crypt:2)
  22 gnolls
  A naga simulacrum (IceCv)
  6 adders
  A shadow imp (D:8)
  A ribbon worm zombie (Crypt:1)
  2 white imps
  5 ufetubi
  A lava snake zombie (Crypt:2)
  2 dart slugs
  5 ribbon worms
  53 orcs
  3 ball pythons
  7 endoplasms
  7 giant cockroaches
  A gnoll zombie (D:11)
  19 goblins
  13 hobgoblins
  10 jackals
  18 kobolds
  3 quokkas
  A ball python zombie (Crypt:1)
  4 bats
  3 frilled lizards
  3 gnoll skeletons (D:11)
  2 orc skeletons (D:11)
  11 orc zombies (D:11)
  3 rats
  A rat zombie (Crypt:1)
  An aspiring flesh (Depths:4)
  3 starspawn tentacles
2221 creatures vanquished.

Vanquished Creatures (collateral kills)
  An orb of fire (Zot:5)
  A juggernaut (Depths:2)
  Josephina (Zot:4)
  Vv (Depths:3)
  2 Killer Klowns
  A Brimstone Fiend (Zig:2)
  3 tentacled monstrosities
  4 Orb Guardians
  A quicksilver dragon (Depths:3)
  5 acid blobs (Slime:5)
  3 death cobs
  2 tengu reavers
  2 rockslimes
  2 protean progenitors
  A storm dragon (Zot:4)
  2 azure jellies (Slime:5)
  A deep elf sorcerer (Vaults:5)
  A draconian shifter (Zot:3)
  An iron dragon (Depths:2)
  2 draconian scorchers
  2 vault wardens
  2 ghouls (Vaults:3)
  A deep elf elementalist (Elf:1)
  2 draconian stormcallers
  4 spriggan defenders (Depths:3)
  The ghost of Cofimnas the Cleaver, a journeyman FoFi of Okawaru (D:14)
  A quicksilver ooze (Slime:5)
  2 very ugly things (Depths:3)
  2 green draconians
  2 formless jellyfish (Slime:5)
  A draconian annihilator (Zot:3)
  2 stone giants
  2 vampire knights
  A deep elf death mage (Elf:2)
  2 red draconians
  A white draconian (Zot:3)
  A deep elf annihilator (Elf:1)
  3 purple draconians
  2 yellow draconians
  A green death (Pan)
  2 fire dragons (Depths:1)
  4 ettins
  An entropy weaver (shapeshifter) (D:15)
  A great orb of eyes (Slime:5)
  9 vault guards (Vaults:5)
  An ice dragon (Depths:2)
  2 spriggan air magi
  3 hydras
  A hell beast (Depths:1)
  A catoblepas (Lair:5)
  A jorogumo (Spider:4)
  2 centaur warriors (D:13)
  An ogre mage (D:15)
  A deep troll shaman (Depths:1)
  A radroach (Spider:4)
  A demonic crawler (Pan)
  3 tengu warriors
  2 thrashing horrors (Abyss:2)
  5 deep troll earth magi
  3 death yaks (Lair:5)
  2 spriggan berserkers
  2 holy swine (Pan)
  2 hell knights (Depths:2)
  2 sun demons (Pan)
  4 deep elf knights
  2 sixfirhies (Pan)
  A glowing orange brain (Depths:2)
  7 iron trolls
  A spriggan druid (Depths:1)
  2 orb spiders (Spider:4)
  A swamp dragon (Swamp:4)
  An arcanist (Vaults:2)
  A shadow demon (Pan)
  A bog body (Swamp:4)
  2 deep elf archers
  10 deep trolls
  A necromancer (Depths:4)
  A steelbarb worm (Spider:2)
  3 deep elf zephyrmancers
  A phantasmal warrior (Vaults:3)
  A large abomination (Abyss:3)
  2 wolf spiders
  Pikel (D:7)
  4 ugly things
  4 deep elf pyromancers
  An eleionoma zombie (Crypt:1)
  2 moths of wrath
  A toenail golem (D:15)
  2 elephants
  A black mamba (Lair:4)
  A gargoyle (D:10)
  4 orange demons (Pan)
  4 cane toads
  A rime drake (Lair:5)
  A smoke demon (Pan)
  A hellion (Zot:5)
  2 yaktaurs (Vaults:4)
  5 komodo dragons
  A queen bee (D:8)
  3 hellwings
  A troll (D:12)
  2 merfolk (Depths:4)
  A glass eye (D:8)
  4 slime creatures
  6 blink frogs
  3 dream sheep
  2 tarantellas
  A jumping spider (Spider:2)
  3 spriggans
  A shadow (D:11)
  2 culicivoras
  A water elemental (Elf:1)
  An air elemental (Elf:2)
  2 wraiths
  8 yaks
  A fire elemental (Abyss:2)
  A warg (Orc:2)
  5 redbacks
  A green draconian simulacrum (Zot:4)
  A neqoxec (Pan)
  2 steam dragons
  A chaos spawn (Pan)
  An acid dragon (D:12)
  A water moccasin (Lair:4)
  A swamp drake (Swamp:4)
  2 hell hounds (Spider:1)
  3 orc warriors
  2 laughing skulls
  An ogre (Orc:2)
  3 centaurs (D:11)
  A lemure (D:8)
  A kobold brigand (D:11)
  A bullfrog (Lair:2)
  A wight (D:8)
  2 tengu skeletons (Depths:1)
  An orc priest (D:9)
  An orc wizard (Orc:2)
  A spriggan simulacrum (IceCv)
  A boggart zombie (D:12)
  A polar bear simulacrum (IceCv)
  A wolf simulacrum (IceCv)
  4 gnolls
  An ufetubus (Abyss:3)
  10 orcs
  6 kobolds
  A gnoll skeleton (D:11)
  An orc zombie (D:11)
  A starspawn tentacle (Abyss:3)
306 creatures vanquished.

Vanquished Creatures (others)
  2 eldritch tentacles (Abyss:5)
  A fire giant (Depths:3)
  A demonspawn warmonger (Zig:8)
  A demonspawn black sun (Zig:8)
  A white draconian (Zot:5)
  A war gargoyle (Vaults:2)
  A golden dragon simulacrum (Zot:4)
  A bloated husk (Swamp:4)
  2 raiju (Abyss:5)
  A laughing skull (Crypt:1)
  An orc (Orc:2)
  2 lurking horrors (Abyss:5)
  6 snaplasher vines
  13 starspawn tentacles
34 creatures vanquished.

Grand Total: 2561 creatures vanquished

Notes
Turn   | Place    | Note
-------+----------+-------------------------------------------
     0 | D:1      | iamserjio the Gnoll Cinder Acolyte began the quest for the
                  | Orb.
     0 | D:1      | Reached XP level 1. HP: 23/23 MP: 4/4
    69 | D:1      | Reached XP level 2. HP: 29/29 MP: 5/5
    85 | D:1      | Learned a level 2 spell: Scorch
   242 | D:1      | Found Simuz's General Store.
   363 | D:1      | Reached XP level 3. HP: 30/35 MP: 7/7
   588 | D:1      | Reached skill level 1 in Invocations
   996 | D:2      | Noticed Sigmund
   997 | D:2      | Found a blossoming altar of Fedhas.
  1011 | D:2      | Killed Sigmund
  1012 | D:2      | Reached skill level 1 in Short Blades
  1012 | D:2      | Reached skill level 1 in Long Blades
  1012 | D:2      | Reached skill level 1 in Axes
  1012 | D:2      | Reached skill level 1 in Maces & Flails
  1012 | D:2      | Reached skill level 1 in Staves
  1012 | D:2      | Reached skill level 1 in Ranged Weapons
  1012 | D:2      | Reached skill level 1 in Throwing
  1012 | D:2      | Reached skill level 1 in Armour
  1012 | D:2      | Reached skill level 1 in Dodging
  1012 | D:2      | Reached skill level 1 in Stealth
  1012 | D:2      | Reached skill level 1 in Shields
  1012 | D:2      | Reached skill level 1 in Unarmed Combat
  1012 | D:2      | Reached skill level 1 in Conjurations
  1012 | D:2      | Reached skill level 1 in Hexes
  1012 | D:2      | Reached skill level 1 in Summonings
  1012 | D:2      | Reached skill level 1 in Necromancy
  1012 | D:2      | Reached skill level 1 in Translocations
  1012 | D:2      | Reached skill level 1 in Ice Magic
  1012 | D:2      | Reached skill level 1 in Air Magic
  1012 | D:2      | Reached skill level 1 in Earth Magic
  1012 | D:2      | Reached skill level 1 in Alchemy
  1012 | D:2      | Reached skill level 1 in Evocations
  1012 | D:2      | Reached skill level 1 in Shapeshifting
  1012 | D:2      | Reached XP level 4. HP: 35/41 MP: 0/8
  1012 | D:2      | Reached XP level 5. HP: 41/47 MP: 0/9
  1785 | D:2      | Reached XP level 6. HP: 49/53 MP: 6/11
  2238 | D:2      | Reached skill level 2 in Throwing
  3485 | D:3      | Reached XP level 7. HP: 46/60 MP: 5/12
  3657 | D:4      | Found Wuomieq's Magic Scroll Shop.
  3660 | D:4      | Bought a scroll of teleportation for 42 gold pieces
  3660 | D:4      | Bought a scroll of fog for 56 gold pieces
  3660 | D:4      | Bought a scroll of noise for 14 gold pieces
  3930 | D:4      | Noticed dakkaduck's ghost (amateur MiBe)
  3984 | D:4      | Found a runed translucent door.
  4594 | D:4      | Noticed Ijyb
  4776 | D:5      | Entered Level 5 of the Dungeon
  5113 | D:5      | Found the +5 robe of Misfortune {Harm *Corrode *Slow EV+5}
  5232 | D:5      | Noticed Blork the orc
  5256 | D:5      | Killed Blork the orc
  5257 | D:5      | Reached skill level 3 in Throwing
  5257 | D:5      | Reached XP level 8. HP: 52/67 MP: 4/14
  5475 | D:5      | Noticed Menkaure
  5512 | D:5      | Killed Menkaure
  6035 | D:6      | Found a staircase to the Ecumenical Temple.
  6607 | D:6      | Reached XP level 9. HP: 73/73 MP: 11/16
  6611 | D:6      | Reached skill level 4 in Throwing
  6611 | D:6      | Reached skill level 5 in Spellcasting
  6971 | D:6      | Learned a level 3 spell: Summon Ice Beast
  6975 | D:6      | Learned a level 3 spell: Hailstorm
  7552 | D:7      | Found the +1 Delatra's gloves {ID++}
  8240 | D:8      | Noticed Jeremiah
  8420 | D:8      | Found a flagged portal.
  8446 | D:8      | Reached skill level 5 in Invocations
  8451 | D:8      | Reached skill level 5 in Throwing
  8475 | D:8      | Noticed Pikel
  8481 | Bailey   | Entered a bailey
  8864 | Bailey   | Found a large runed translucent door.
  8864 | Bailey   | Found a large runed translucent door.
  8865 | Bailey   | Noticed a deep elf pyromancer
  8876 | Bailey   | Noticed an orc knight
  8908 | Bailey   | Killed an orc knight
  8909 | Bailey   | Reached skill level 5 in Short Blades
  8909 | Bailey   | Reached skill level 5 in Long Blades
  8909 | Bailey   | Reached skill level 5 in Axes
  8909 | Bailey   | Reached skill level 5 in Maces & Flails
  8909 | Bailey   | Reached skill level 5 in Staves
  8909 | Bailey   | Reached skill level 5 in Ranged Weapons
  8909 | Bailey   | Reached skill level 6 in Throwing
  8909 | Bailey   | Reached skill level 5 in Armour
  8909 | Bailey   | Reached skill level 5 in Dodging
  8909 | Bailey   | Reached skill level 5 in Stealth
  8909 | Bailey   | Reached skill level 5 in Shields
  8909 | Bailey   | Reached skill level 5 in Unarmed Combat
  8909 | Bailey   | Reached skill level 5 in Evocations
  8909 | Bailey   | Reached XP level 10. HP: 64/82 MP: 8/18
  8936 | Bailey   | Killed a deep elf pyromancer
  9474 | D:8      | Noticed Joseph
  9988 | D:8      | Joseph changed into Joseph the queen bee
  9988 | D:8      | Noticed Joseph
  9995 | D:8      | Killed Joseph the queen bee
  9996 | D:8      | Reached skill level 5 in Shapeshifting
 10520 | D:7      | Killed Pikel
 10521 | D:7      | Reached skill level 7 in Throwing
 10581 | D:8      | Paralysed by Jeremiah for 4 turns
 10967 | D:8      | Learned a level 3 spell: Frozen Ramparts
 10973 | D:8      | Learned a level 5 spell: Borgnjor's Vile Clutch
 11046 | D:8      | Found Soste Obei's Magic Scroll Shoppe.
 11051 | D:8      | Bought a scroll of teleportation for 42 gold pieces
 11051 | D:8      | Bought a scroll of fear for 56 gold pieces
 11051 | D:8      | Bought a scroll of fear for 56 gold pieces
 11051 | D:8      | Bought a scroll of blinking for 105 gold pieces
 11418 | D:8      | Jeremiah changed into Jeremiah the glass eye
 11418 | D:8      | Noticed Jeremiah
 11435 | D:8      | Killed Jeremiah the glass eye
 11649 | D:9      | Reached skill level 5 in Conjurations
 11649 | D:9      | Reached skill level 5 in Hexes
 11649 | D:9      | Reached skill level 5 in Summonings
 11649 | D:9      | Reached skill level 5 in Necromancy
 11649 | D:9      | Reached skill level 5 in Translocations
 11649 | D:9      | Reached skill level 5 in Ice Magic
 11649 | D:9      | Reached skill level 5 in Air Magic
 11649 | D:9      | Reached skill level 5 in Earth Magic
 11649 | D:9      | Reached skill level 5 in Alchemy
 11649 | D:9      | Reached XP level 11. HP: 79/89 MP: 17/21
 12439 | D:9      | Identified the +2 falchion "Goaschelo" {flame, rPois rF+++
                  | rN+ Stlth-}
 12460 | D:10     | Entered Level 10 of the Dungeon
 12845 | D:10     | Found a glowing golden altar of the Shining One.
 12871 | D:10     | Found a radiant altar of Vehumet.
 12897 | D:10     | Reached skill level 8 in Throwing
 13023 | D:10     | Found a staircase to the Lair.
 13218 | D:10     | You fall into a shaft and drop 1 floor!
 13470 | D:11     | Noticed a centaur warrior
 13486 | D:11     | Killed a centaur warrior
 13764 | D:11     | Found a staircase to the Orcish Mines.
 14789 | D:11     | Learned a level 3 spell: Volatile Blastmotes
 14794 | D:11     | Learned a level 4 spell: Petrify
 15226 | D:4      | Killed Ijyb
 15271 | D:4      | Found Wuomieq's Magic Scroll Shop.
 16032 | D:4      | Killed dakkaduck's ghost
 16186 | Lair:1   | Entered Level 1 of the Lair of Beasts
 16226 | Lair:1   | Reached skill level 9 in Throwing
 16710 | Lair:1   | Reached XP level 12. HP: 92/97 MP: 19/23
 17330 | Lair:2   | Noticed a six-headed hydra
 17335 | Lair:2   | Killed a six-headed hydra
 17359 | Lair:2   | Found a frozen archway.
 17379 | IceCv    | Entered an ice cave
 17698 | IceCv    | Reached skill level 10 in Fighting
 17698 | IceCv    | Reached skill level 10 in Polearms
 18810 | IceCv    | Reached skill level 10 in Throwing
 19825 | IceCv    | Found an ancient bone altar of Kikubaaqudgha.
 20929 | Lair:2   | Found a hole to the Spider Nest.
 20956 | Lair:2   | You fall into a shaft and drop 2 floors!
 21277 | Lair:4   | Reached XP level 13. HP: 104/104 MP: 22/25
 21369 | Lair:4   | Found a staircase to the Slime Pits.
 21593 | Lair:4   | Reached skill level 11 in Throwing
 22835 | Lair:3   | Found a staircase to the Swamp.
 24336 | Lair:5   | Entered Level 5 of the Lair of Beasts
 24428 | Lair:5   | Reached skill level 12 in Throwing
 24665 | Lair:5   | Reached XP level 14. HP: 113/113 MP: 27/27
 24712 | Lair:5   | Reached skill level 10 in Invocations
 24918 | Lair:5   | Found a white marble altar of Elyvilon.
 25611 | Lair:5   | Learned a level 4 spell: Summon Lightning Spire
 25868 | Lair:5   | Reached skill level 10 in Spellcasting
 27038 | D:12     | Reached skill level 13 in Throwing
 27338 | D:12     | Learned a level 5 spell: Irradiate
 27623 | D:12     | Reached skill level 10 in Fire Magic
 28560 | D:13     | Reached skill level 10 in Short Blades
 28560 | D:13     | Reached skill level 10 in Long Blades
 28560 | D:13     | Reached skill level 10 in Axes
 28560 | D:13     | Reached skill level 10 in Maces & Flails
 28560 | D:13     | Reached skill level 10 in Staves
 28560 | D:13     | Reached skill level 10 in Ranged Weapons
 28560 | D:13     | Reached skill level 10 in Armour
 28560 | D:13     | Reached skill level 10 in Dodging
 28560 | D:13     | Reached skill level 10 in Stealth
 28560 | D:13     | Reached skill level 10 in Shields
 28560 | D:13     | Reached skill level 10 in Unarmed Combat
 28560 | D:13     | Reached skill level 10 in Evocations
 28654 | D:13     | Identified a scroll of acquirement
 28654 | D:13     | Acquired the ring of Ekhleak {Will++ MP+9 Int+4}
 28878 | D:13     | Reached XP level 15. HP: 104/120 MP: 28/29
 29171 | D:13     | Reached skill level 10 in Necromancy
 29588 | D:13     | Found a gate to the Vaults.
 30310 | D:14     | Found a runed translucent door.
 30312 | D:14     | Noticed Cofimnas's ghost (journeyman FoFi)
 30463 | D:14     | Identified the +0 robe of the True Pharaoh {rElec rF+ Will+
                  | Dex+4}
 31013 | D:15     | Entered Level 15 of the Dungeon
 31810 | D:15     | Reached skill level 14 in Throwing
 32073 | D:15     | Noticed sanka's ghost (journeyman TrMo)
 32074 | D:15     | Found a transporter.
 32078 | D:15     | Identified the +9 giant club of Yeast {freeze, rPois rF+
                  | Dex-5}
 32078 | D:15     | Noticed a frost giant
 32861 | D:15     | Gained mutation: You are dopey. (Int -2) [mutagenic glow]
 32884 | D:15     | Gained mutation: You have an increased reservoir of magic.
                  | (+10% MP) [mutagenic glow]
 33012 | D:15     | Found a staircase to the Depths.
 33114 | Orc:1    | Entered Level 1 of the Orcish Mines
 33663 | Orc:2    | Entered Level 2 of the Orcish Mines
 33663 | Orc:2    | Noticed an orc warlord
 33663 | Orc:2    | Found Ocuts's General Store.
 33674 | Orc:2    | Killed an orc warlord
 33839 | Orc:2    | Reached skill level 10 in Shapeshifting
 34171 | Orc:2    | Found Iskiasov's CLEARANCE SALE!.
 34191 | Orc:2    | Found a staircase to the Elven Halls.
 34232 | Orc:2    | Reached XP level 16. HP: 74/129 MP: 12/34
 34434 | Orc:2    | Bought a scroll of immolation for 12 gold pieces
 34446 | Orc:2    | Found Affag's Book Emporium.
 34489 | Orc:2    | Learned a level 4 spell: Passage of Golubria
 34563 | Orc:2    | Found Darafi's Antique Armour Shoppe.
 34689 | Orc:2    | Found Azirch's Antique Weapon Shoppe.
 34951 | Orc:2    | Learned a level 4 spell: Manifold Assault
 34968 | Elf:1    | Entered Level 1 of the Elven Halls
 35022 | Elf:1    | HP: 6/129 [poisoned by a +2 battleaxe of venom]
 35503 | Elf:1    | Found a radiant altar of Vehumet.
 36500 | Elf:1    | Reached skill level 15 in Throwing
 37523 | Elf:2    | Noticed Asterion
 37545 | Elf:2    | Found Fitearph's Weapon Emporium.
 37787 | Elf:2    | Bought the +9 flail "Conservator" {speed, rPois Str+3
                  | Int+2} for 1080 gold pieces
 37878 | Elf:2    | Paralysed by an air elemental for 1 turns
 37888 | Elf:2    | Paralysed by an air elemental for 1 turns
 37891 | Elf:2    | Paralysed by an air elemental for 1 turns
 38097 | Elf:2    | Paralysed by an air elemental for 1 turns
 38616 | Elf:2    | Found a runed translucent gate.
 38616 | Elf:2    | Found a runed translucent gate.
 38617 | Elf:2    | Found a runed translucent gate.
 38684 | Elf:2    | Noticed Norris
 38715 | Elf:2    | Killed Norris
 39206 | Elf:2    | Got the Book of Lithomancy
 39277 | Elf:3    | Entered Level 3 of the Elven Halls
 39554 | Elf:3    | Reached XP level 17. HP: 85/128 MP: 13/36
 40165 | Elf:3    | Reached skill level 10 in Conjurations
 40165 | Elf:3    | Reached skill level 10 in Hexes
 40165 | Elf:3    | Reached skill level 10 in Summonings
 40165 | Elf:3    | Reached skill level 10 in Translocations
 40165 | Elf:3    | Reached skill level 10 in Ice Magic
 40165 | Elf:3    | Reached skill level 10 in Air Magic
 40165 | Elf:3    | Reached skill level 10 in Earth Magic
 40165 | Elf:3    | Reached skill level 10 in Alchemy
 40179 | Elf:3    | Noticed an Ice Fiend
 40216 | Elf:3    | Noticed an Executioner
 40688 | Elf:3    | Noticed a deep elf blademaster
 40702 | Elf:3    | Reached skill level 16 in Throwing
 40955 | Elf:3    | Identified the +1 leather armour "Veixabbu" {rF+ Str+4
                  | Slay+3 Stlth-}
 41142 | Abyss:2  | Cast into level 2 of the Abyss (a deep elf sorcerer)
 41322 | Abyss:2  | Noticed a tentacled starspawn
 41584 | Abyss:2  | Noticed a tentacled starspawn
 41616 | Abyss:2  | Killed a tentacled starspawn
 41751 | Abyss:2  | Noticed a bone dragon
 41755 | Abyss:2  | Noticed a tentacled starspawn
 41767 | Abyss:2  | Noticed a tentacled starspawn
 41772 | Abyss:2  | Killed a tentacled starspawn
 41991 | Abyss:3  | Noticed a tentacled starspawn
 42007 | Abyss:3  | Killed a tentacled starspawn
 42053 | Abyss:3  | Found a corrupted altar of Lugonu.
 42060 | Abyss:3  | Noticed a lich
 42175 | Abyss:4  | Noticed a tentacled starspawn
 42281 | Elf:3    | Escaped the Abyss
 42444 | Elf:3    | Identified the +4 short sword "Ekhlusin" {flame, *Noise
                  | Int+2 Dex+7}
 42831 | Elf:3    | Killed a deep elf blademaster
 43078 | Elf:3    | Noticed a deep elf master archer
 43095 | Elf:3    | Killed a deep elf master archer
 43319 | Elf:3    | Noticed a deep elf master archer
 43334 | Elf:3    | Killed a deep elf master archer
 43423 | Elf:3    | Identified the +1 ring mail of the Orb Guardian {MP+9 Dex-4
                  | SInv Stlth+}
 43423 | Elf:3    | Noticed a deep elf blademaster
 43438 | Elf:3    | Killed a deep elf blademaster
 43665 | Elf:3    | Found the +6 arbalest "Damnation" {damnation}
 43680 | Elf:3    | Identified the +1 sling "Otosann" {antimagic, Dex+4}
 43764 | Elf:3    | Learned a level 2 spell: Blink
 44035 | Elf:3    | Paralysed by an air elemental for 1 turns
 44763 | D:14     | Killed Cofimnas's ghost
 45004 | D:4      | Bought a scroll of silence for 133 gold pieces
 45004 | D:4      | Bought a scroll of enchant armour for 105 gold pieces
 45651 | D:4      | Learned a level 6 spell: Plasma Beam
 46188 | Swamp:1  | Entered Level 1 of the Swamp
 46368 | Lair:3   | Reached XP level 18. HP: 98/146 MP: 14/38
 47202 | Swamp:1  | Identified the serpent talisman of Hide-and-Seek {rC+ Str+3
                  | Dex+3}
 47202 | Swamp:1  | Noticed Aizul
 47213 | Swamp:1  | Killed Aizul
 47829 | Swamp:2  | Reached skill level 17 in Throwing
 48428 | Swamp:3  | Noticed Nikola
 48600 | Swamp:3  | Killed Nikola
 49030 | Swamp:3  | Noticed Donald
 49036 | Swamp:3  | Killed Donald
 49206 | Swamp:3  | Identified the +7 hand axe of Comitzops {flame, rElec rF++
                  | Str-4}
 49480 | Swamp:4  | Entered Level 4 of the Swamp
 50375 | Swamp:4  | Identified the +2 leather armour of Midwinter {rN+ rCorr
                  | Int-3 Stlth+}
 50518 | Swamp:4  | Got a decaying rune of Zot
 50909 | Spider:1 | Entered Level 1 of the Spider Nest
 50909 | Spider:1 | Noticed Louise
 51018 | Spider:1 | Killed Louise
 51109 | Spider:1 | Noticed Frances
 51113 | Spider:1 | Noticed Agnes
 51128 | Spider:1 | Killed Agnes
 51140 | Spider:1 | Killed Frances
 51400 | Spider:1 | Reached XP level 19. HP: 136/153 MP: 11/40
 51538 | Spider:1 | Noticed Azrael
 51556 | Spider:1 | Killed Azrael
 51925 | Spider:2 | Reached skill level 18 in Throwing
 52042 | Spider:2 | Identified the +0 shortbow of Truncation {antimagic, Str+4
                  | Stlth-}
 52994 | D:8      | Bought a scroll of immolation for 56 gold pieces
 52994 | D:8      | Bought a scroll of torment for 133 gold pieces
 52994 | D:8      | Bought a scroll of amnesia for 56 gold pieces
 53471 | Spider:3 | Identified the +9 dagger of Xom's Pride {drain, Str+3}
 53595 | Spider:3 | Identified the orb of the Black Moon {*channel, +Inv Hexes
                  | Tloc}
 53923 | Spider:3 | Noticed Mlioglotl
 53941 | Spider:3 | Killed Mlioglotl
 54408 | Spider:4 | Entered Level 4 of the Spider Nest
 54629 | Spider:4 | Reached skill level 15 in Fighting
 54629 | Spider:4 | Reached skill level 15 in Polearms
 55478 | Spider:4 | Reached skill level 15 in Invocations
 55610 | Spider:4 | Reached skill level 15 in Necromancy
 55701 | Spider:4 | Identified the +0 hat "Itucw" {Str+4}
 55704 | Spider:4 | Got a gossamer rune of Zot
 56024 | Spider:4 | Found a runed translucent gate.
 56024 | Spider:4 | Found a runed translucent gate.
 56025 | Spider:4 | Found a runed translucent gate.
 56027 | Spider:4 | Noticed Tacit's ghost (journeyman GrMo)
 56163 | Spider:4 | Killed Tacit's ghost
 56230 | Spider:4 | Reached XP level 20. HP: 143/162 MP: 31/42
 56361 | Spider:4 | Identified the +2 helmet of Vefuluetz {Int+3}
 56920 | Elf:2    | Killed Asterion
 57100 | Abyss:4  | Cast into level 4 of the Abyss (+1 eveningstar of
                  | distortion)
 57144 | Abyss:5  | Found a corrupted altar of Lugonu.
 57180 | Abyss:5  | Reached skill level 19 in Throwing
 57197 | Abyss:5  | Got an abyssal rune of Zot
 57230 | Abyss:5  | Gained mutation: You are clumsy. (Dex -2) [a neqoxec]
 57232 | Abyss:5  | Lost mutation: You have an increased reservoir of magic.
                  | (+10% MP) [potion of mutation]
 57232 | Abyss:5  | Lost mutation: You are clumsy. (Dex -2) [potion of
                  | mutation]
 57232 | Abyss:5  | Lost mutation: You are dopey. (Int -2) [potion of mutation]
 57368 | Elf:2    | Escaped the Abyss
 57801 | D:15     | Found a transporter.
 59423 | D:13     | Found a gate to the Vaults.
 60050 | D:15     | Found a staircase to the Depths.
 60514 | D:15     | Found a transporter.
 60766 | D:15     | Found a transporter.
 60872 | Vaults:1 | Entered Level 1 of the Vaults
 61934 | Vaults:1 | Found a runed translucent door.
 62853 | Vaults:1 | Noticed DizzySkin's ghost (veteran MiBe)
 63142 | Vaults:2 | Reached XP level 21. HP: 164/170 MP: 39/39
 63148 | Vaults:2 | Learned a level 5 spell: Summon Forest
 63429 | Vaults:2 | Reached skill level 15 in Spellcasting
 63691 | Vaults:2 | Reached skill level 20 in Throwing
 64986 | Vaults:3 | Reached skill level 15 in Short Blades
 64986 | Vaults:3 | Reached skill level 15 in Long Blades
 64986 | Vaults:3 | Reached skill level 15 in Axes
 64986 | Vaults:3 | Reached skill level 15 in Maces & Flails
 64986 | Vaults:3 | Reached skill level 15 in Staves
 64986 | Vaults:3 | Reached skill level 15 in Ranged Weapons
 64986 | Vaults:3 | Reached skill level 15 in Armour
 64986 | Vaults:3 | Reached skill level 15 in Dodging
 64986 | Vaults:3 | Reached skill level 15 in Stealth
 64986 | Vaults:3 | Reached skill level 15 in Shields
 64986 | Vaults:3 | Reached skill level 15 in Unarmed Combat
 64986 | Vaults:3 | Reached skill level 15 in Evocations
 65285 | Vaults:3 | Found a staircase to the Crypt.
 66646 | Vaults:3 | Noticed Jory
 66665 | Vaults:3 | Killed Jory
 67013 | Vaults:3 | Reached XP level 22. HP: 164/179 MP: 17/41
 67084 | Vaults:3 | Found Puissaeq's Weapon Emporium.
 67094 | Vaults:3 | Bought the +3 greatsling "Punk" {acid, rCorr} for 438 gold
                  | pieces
 67094 | Vaults:3 | Found the +3 greatsling "Punk" {acid, rCorr}
 67946 | Vaults:4 | Found Eruug's Book Shoppe.
 67962 | Vaults:4 | Learned a level 7 spell: Spellforged Servitor
 68460 | Vaults:4 | Found Gugoafo's Weapon Emporium.
 68597 | Vaults:4 | Reached skill level 21 in Throwing
 69244 | Depths:1 | Entered Level 1 of the Depths
 69258 | Depths:1 | Noticed a caustic shrike
 69346 | D:15     | Killed a caustic shrike
 69948 | Depths:1 | Found a one-way gateway to a ziggurat.
 70534 | Depths:1 | Found a gateway to Hell.
 70735 | Depths:2 | Found a hazy altar of Hepliaklqana.
 71049 | Depths:2 | Reached XP level 23. HP: 166/187 MP: 10/43
 71106 | Depths:2 | Noticed a juggernaut
 71109 | Depths:2 | Killed a juggernaut
 71639 | Depths:2 | Found a one-way gate leading to the halls of Pandemonium.
 71771 | Depths:2 | Found a one-way gate to the infinite horrors of the Abyss.
 72894 | Depths:2 | Learned a level 6 spell: Sculpt Simulacrum
 73284 | Depths:3 | Reached skill level 15 in Shapeshifting
 73298 | Depths:3 | Noticed Mara
 73384 | Depths:3 | Killed Mara
 73496 | Depths:3 | You fall into a shaft and drop 1 floor!
 73496 | Depths:4 | Entered Level 4 of the Depths
 73552 | Depths:4 | Reached skill level 22 in Throwing
 73658 | Depths:3 | Noticed Vv
 73979 | Depths:3 | Killed Vv
 74814 | Depths:3 | Reached skill level 15 in Fire Magic
 75098 | Depths:3 | Identified the +3 morningstar of Qehivoe {drain, Dex+2}
 75228 | Depths:3 | Noticed the Enchantress
 75228 | Depths:3 | Identified the +1 ring mail of the Bells {rPois Int+3}
 75312 | Depths:3 | Killed the Enchantress
 75313 | Depths:3 | Reached XP level 24. HP: 197/197 MP: 15/43
 75644 | Depths:3 | Found Raonaluk's Magic Scroll Shop.
 75647 | Depths:3 | Bought a scroll of revelation for 120 gold pieces
 75647 | Depths:3 | Bought a scroll of revelation for 120 gold pieces
 75647 | Depths:3 | Bought a scroll of enchant weapon for 120 gold pieces
 75647 | Depths:3 | Bought a scroll of teleportation for 48 gold pieces
 75864 | Depths:4 | Found a white marble altar of Elyvilon.
 76935 | Depths:4 | Found a gate to the Realm of Zot.
 77252 | D:15     | Killed sanka's ghost
 77335 | D:15     | Identified the staff "Tupaj" {*Slow rF+++ rC++ Will- Earth}
 77777 | Vaults:1 | Killed DizzySkin's ghost
 77982 | Crypt:1  | Entered Level 1 of the Crypt
 78165 | Vaults:3 | You fall into a shaft and drop 1 floor!
 79196 | Crypt:2  | Noticed Zenata
 79201 | Crypt:2  | Killed Zenata
 80117 | Crypt:3  | Entered Level 3 of the Crypt
 80234 | Crypt:3  | Found an ancient bone altar of Kikubaaqudgha.
 80242 | Crypt:3  | Noticed an ancient lich
 80251 | Crypt:3  | Killed an ancient lich
 80255 | Crypt:3  | Noticed a dread lich
 80273 | Crypt:3  | Killed a dread lich
 80616 | Crypt:3  | Reached skill level 23 in Throwing
 81281 | Crypt:3  | Identified the ring "Noestier" {rF+ Str+4}
 81375 | Crypt:3  | Found a staircase to the Tomb.
 81404 | Crypt:3  | Identified the ring "Cotz" {^Drain Fly rN+ rCorr Str-3}
 81404 | Crypt:3  | Identified the ring "Oheu" {rN+ rCorr}
 81404 | Crypt:3  | Identified the ring "Moos Nove" {rPois rN+ Str+4 Stlth+}
 81419 | Crypt:3  | Noticed an ancient lich
 81422 | Crypt:3  | Killed an ancient lich
 81895 | Crypt:3  | Reached XP level 25. HP: 204/204 MP: 44/44
 82433 | Crypt:3  | Got the Compilation of the Autopsy
 83944 | Slime:1  | Entered Level 1 of the Pits of Slime
 84338 | Slime:3  | Noticed Dissolution
 84342 | Slime:3  | Killed Dissolution
 84666 | Slime:5  | Entered Level 5 of the Pits of Slime
 84766 | Slime:5  | Noticed the Royal Jelly
 84786 | Slime:5  | Killed the Royal Jelly
 84787 | Slime:5  | Reached skill level 15 in Conjurations
 84787 | Slime:5  | Reached skill level 15 in Hexes
 84787 | Slime:5  | Reached skill level 15 in Summonings
 84787 | Slime:5  | Reached skill level 15 in Translocations
 84787 | Slime:5  | Reached skill level 15 in Ice Magic
 84787 | Slime:5  | Reached skill level 15 in Air Magic
 84787 | Slime:5  | Reached skill level 15 in Earth Magic
 84787 | Slime:5  | Reached skill level 15 in Alchemy
 85176 | Slime:5  | Identified the staff of Modesty {^Fragile rC+ SInv Necro
                  | Ice}
 85189 | Slime:5  | Identified the +5 war axe of the Swamp {antimagic, rPois
                  | Str-5 Int+3 Stlth+}
 85244 | Slime:5  | Identified the +10 quarterstaff "Fimea" {freeze, rPois
                  | SInv}
 85369 | Slime:5  | Identified the +0 scimitar of Sabaoweh {drain, rCorr}
 85384 | Slime:5  | Identified the staff of Extinguishment {*Slow rC+ rCorr
                  | Conj}
 85390 | Slime:5  | Got a slimy rune of Zot
 85793 | Vaults:4 | Learned a level 3 spell: Passwall
 85802 | Vaults:4 | Learned a level 8 spell: Ignition
 85805 | Vaults:5 | Entered Level 5 of the Vaults
 85805 | Vaults:5 | Noticed an ancient lich
 85820 | Vaults:5 | Killed an ancient lich
 85840 | Vaults:5 | Found Mank's General Store.
 85844 | Vaults:5 | Bought a scroll of teleportation for 54 gold pieces
 85894 | Vaults:5 | Reached skill level 24 in Throwing
 86190 | Vaults:5 | Bought a potion of experience for 900 gold pieces
 86190 | Vaults:5 | Bought a scroll of fear for 72 gold pieces
 86190 | Vaults:5 | Reached XP level 26. HP: 213/213 MP: 45/45
 86319 | Vaults:5 | Reached XP level 27. HP: 208/221 MP: 45/45
 86336 | Vaults:5 | Noticed Sojobo
 86343 | Vaults:5 | Killed Sojobo
 86391 | Vaults:5 | Identified the amulet "Comn" {Spirit ^Drain rPois Will+}
 86582 | Vaults:5 | Noticed Boris
 86606 | Vaults:5 | Killed Boris
 87119 | Vaults:5 | Identified the staff "Goblinslayer" {rPois rF++ Will- Earth
                  | Alchemy}
 87244 | Vaults:5 | Identified the +2 robe "Datoaf" {Regen+ Str+4 Archmagi}
 87426 | Vaults:5 | Identified the +3 long sword "Esouss" {pain, rF+ Int+2
                  | Dex+3}
 87426 | Vaults:5 | Identified the ring of the City {Fly rElec Dex+2}
 87510 | Vaults:5 | Identified the scarf of Nuitaku {repulsion, Harm rPois}
 87696 | Vaults:5 | Identified the orb of Precision Catastrophes {*channel,
                  | rC+}
 87696 | Vaults:5 | Noticed Frederick
 87709 | Vaults:5 | Killed Frederick
 87872 | Vaults:5 | Identified the staff of Shrieking Terror {rC+ rN+ Will-
                  | Str+3 Ice}
 88031 | Vaults:5 | Identified the +5 long sword of the Chain {venom, Will+
                  | Str+3}
 88440 | Vaults:5 | Identified the +0 ring mail of Modesty {Dex+3}
 88441 | Vaults:5 | Identified the dragon-blood talisman "Madoxzipn" {rElec
                  | Slay+5}
 88445 | Vaults:5 | Got a silver rune of Zot
 88449 | Vaults:5 | Identified the +1 helmet of the Great Game {rC+}
 88987 | D:4      | Bought a scroll of revelation for 105 gold pieces
 89026 | D:4      | Learned a level 8 spell: Maxwell's Capacitive Coupling
 89296 | Zig:1    | Entered Level 1 of a ziggurat
 89345 | Zig:2    | Entered Level 2 of a ziggurat
 89536 | Zig:3    | Entered Level 3 of a ziggurat
 89588 | Zig:3    | Identified the +1 scimitar of the Forest {elec, ^Drain rF++
                  | SInv}
 89597 | Zig:4    | Entered Level 4 of a ziggurat
 89681 | Zig:4    | Got Izacw's Grimoire of Sepulchral Leadership
 89687 | Zig:5    | Entered Level 5 of a ziggurat
 89736 | Zig:6    | Entered Level 6 of a ziggurat
 89781 | Zig:6    | Identified the +2 spear "Xeroud" {freeze, rCorr Int-4
                  | Dex+3}
 89788 | Zig:6    | Identified the +0 scale mail of Uwicsusi {^Drain Will+
                  | Stlth+}
 89795 | Zig:7    | Entered Level 7 of a ziggurat
 89802 | Zig:7    | Noticed a royal mummy
 89807 | Zig:7    | Noticed a royal mummy
 89810 | Zig:7    | Killed a royal mummy
 89815 | Zig:7    | Killed a royal mummy
 89816 | Zig:7    | Reached skill level 25 in Throwing
 89960 | Zig:8    | Entered Level 8 of a ziggurat
 89968 | Zig:8    | Noticed Wias the pandemonium lord
 90319 | Zot:1    | Entered Level 1 of the Realm of Zot
 91092 | Zot:1    | Found a transporter.
 91144 | Zot:1    | Found a transporter.
 93133 | Zot:3    | Noticed an ancient lich
 93134 | Zot:3    | Found a runed translucent gate.
 93134 | Zot:3    | Found an ancient bone altar of Kikubaaqudgha.
 93134 | Zot:3    | Noticed Heisao's ghost (legendary TrBe)
 93135 | Zot:3    | Found a runed translucent gate.
 93135 | Zot:3    | Noticed a dread lich
 93135 | Zot:3    | Noticed Sebriys's ghost (legendary TrBe)
 93135 | Zot:3    | Noticed an ancient lich
 93136 | Zot:3    | Found a runed translucent gate.
 93764 | Zot:4    | Identified the ring of the Prince of Darkness {Ice rPois
                  | rCorr Stlth-}
 93764 | Zot:4    | Identified the death talisman "Udeob" {rF+ Will++ Int+4}
 93764 | Zot:4    | Noticed Josephina
 93836 | Zot:4    | Learned a level 9 spell: Death's Door
 94487 | Zot:4    | Identified the +8 sling "Zamuegh" {drain, ^Drain rF+ Str+5
                  | Int+3}
 94827 | Zot:4    | Killed Josephina
 94928 | Zot:4    | Reached skill level 26 in Throwing
 95149 | Zot:5    | Entered Level 5 of the Realm of Zot
 95604 | Depths:2 | Learned a level 8 spell: Lehudib's Crystal Spear
 95605 | Pan      | Entered Pandemonium
 95718 | Pan      | Noticed Cuenumm the pandemonium lord
 95758 | Pan      | Gained mutation: You passively map a small area around you.
                  | [a neqoxec]
 95852 | Pan      | Got a demonic rune of Zot
 96314 | Depths:2 | Escaped Pandemonium
 96818 | Zot:5    | Noticed a dread lich
 96829 | Zot:5    | Killed a dread lich
 96840 | Zot:5    | Noticed a dread lich
 96846 | Zot:5    | Killed a dread lich
 96971 | Zot:2    | Learned a level 8 spell: Disjunction
 97087 | Zot:5    | Noticed an orb of fire
 97101 | Zot:5    | Killed an orb of fire
 97610 | Zot:5    | Noticed an orb of fire
 97610 | Zot:5    | Noticed a dread lich
 97611 | Zot:5    | Gained mutation: Your magical capacity is low. (-10% MP)
                  | [an orb of fire]
 97617 | Zot:5    | Killed an orb of fire
 97619 | Zot:5    | Got the Orb of Zot
 97641 | Zot:5    | Noticed a dread lich
 97647 | Zot:5    | Killed a dread lich
 97728 | Zot:1    | Noticed Nifuci Fya the pandemonium lord
 98099 | D:$      | Escaped with the Orb!

Illustrated notes

Levels and vault maps discovered:
D:1:      spicycebolla_arrival_xxxplode, layout_loops_corners, serial_shops,
          nicolae_shop_just_a_little_nook, minmay_statues_item
D:2:      cheibrodos_greedy_goblins, layout_basic, basic_altar,
          dk_noncrumbling_3, nicolae_hexahallways, dreamdust_princess_corridor,
          uniq_sigmund
D:3:      layout_rooms, serial_curves, eino_curves_02, eino_curves_01,
          eino_curves_04, eino_curves_03
D:4:      kennysheep_the_goblin_king, layout_loops_corners, serial_shops,
          nicolae_stop_n_shop_2, hellmonk_ghost_happy_afterlife,
          serial_park_tiny_1, grunt_decor_junction, minmay_crossroads
D:5:      layout_basic, mrwooster_statue_mirror, bh_walls_and_bars,
          uniq_blork_the_orc, uniq_menkaure
D:6:      layout_basic, minmay_temple_entry_junction, fountainhead,
          minmay_manual_maat
D:7:      layout_gridville
D:8:      layout_gridville, serial_shops, nicolae_shop_hallway_plus,
          enter_bailey_2, uniq_jeremiah, uniq_joseph, uniq_pikel
D:9:      layout_basic
D:10:     nicolae_BIG_FREAKIN_CUBE, layout_basic, kennysheep_mini_moat,
          general_overflow_altar, hangedman_decor_diamond_cutter
D:11:     layout_loops_ring, zombieorc1_lemuel
D:12:     layout_roguey, serial_undead, serial_undead_a, serial_undead_c,
          serial_undead_d, serial_undead_d, serial_undead_f, serial_undead_e,
          serial_undead_d
D:13:     layout_loops_ring, david_vaults_4
D:14:     layout_basic, ebering_ghost_reflecting_pool, nicolae_letterblocks
          [nicolae_letter_subblock, nicolae_letter_subblock,
          nicolae_letter_subblock, nicolae_letter_subblock,
          nicolae_letter_subblock, nicolae_letter_subblock,
          nicolae_letter_subblock, nicolae_letter_subblock,
          nicolae_letter_subblock, nicolae_letter_subblock,
          nicolae_letter_subblock, nicolae_letter_subblock,
          nicolae_letter_subblock, nicolae_letter_subblock,
          nicolae_letter_subblock, nicolae_letter_subblock,
          nicolae_letter_subblock, nicolae_letter_subblock,
          nicolae_letter_subblock, nicolae_letter_subblock,
          nicolae_letter_subblock, nicolae_letter_subblock,
          nicolae_letter_subblock, nicolae_letter_subblock,
          nicolae_letter_subblock]
D:15:     grunt_enter_depths_magical_seal, layout_basic, gammafunk_ghost_smash,
          hangedman_decor_peaks_small, minmay_fractal_squares_gapless_5
Lair:1:   layout_gridlike, minivault_19, minmay_stone_trees_small
Lair:2:   layout_cave_shapes, spider_nest_entry_web_field,
          portal_ice_cave_entry_ice_simulacra
Lair:3:   layout_roguey, swamp_mist
Lair:4:   layout_regular_city, dpeg_slime_entry_enclosed, lemuel_fruit_tree
Lair:5:   evilmike_catoblepas_cave, layout_gridlike, basic_altar
Swamp:1:  layout_basic_swamp, evilmike_swamp_ruin_house_3, swamp_pool_4,
          nicolae_swamp_super_fun_site, infiniplex_staircase_pool, uniq_aizul
Swamp:2:  layout_basic_swamp, nicolae_swamp_ascending_descending
Swamp:3:  layout_falls_marsh, nicolae_swamp_orc_logging_accident,
          swamp_pool_1_2, uniq_nikola, uniq_donald
Swamp:4:  swamp, layout_basic_swamp, nicolae_swamp_long_stream
Spider:1: layout_cave_pods, uniq_azrael, uniq_frances, uniq_agnes, uniq_louise
Spider:2: layout_spider_delve
Spider:3: layout_spider_delve, uniq_mlioglotl
Spider:4: grunt_spider_rune_parallel, gammafunk_ghost_tricky_traps,
          spiders_nest_spider_trap
Slime:1:  layout_caves, cheibrodos_slime_lost_civilization_4
Slime:2:  layout_caves
Slime:3:  layout_caves, dissolution_awaits
Slime:4:  layout_caves
Slime:5:  slime_pit_nicolae_block_by_block
Orc:1:    layout_diamond_mine
Orc:2:    grunt_orc_gardens, layout_diamond_mine, grunt_orc_garden,
          grunt_orc_garden, grunt_orc_garden, grunt_orc_garden,
          nicolae_shop_clearance
Elf:1:    eino_elf_arrival_altar, layout_gridlike, nicolae_elf_blasts_and_bolts
Elf:2:    elven_hall_of_blades_hangedman_original
          [nicolae_blade_entry_crossed_weapons], layout_geoelf_grid,
          serial_shops, shop, nicolae_elf_loose_elemental_storage,
          uniq_asterion, uniq_norris
Elf:3:    elf_hall, layout_geoelf_grid
Vaults:1: hellmonk_ghost_big_iron, nicolae_vaults_diagonal_hallway_7,
          ontoclasm_vaults_idyll, nicolae_vaults_surprise_closet,
          ontoclasm_vaults_decontamination, v_misc_16,
          nicolae_vaults_more_shelving_2, v_misc_29,
          nicolae_vaults_little_squares_2, layout_vaults_omnigrid
Vaults:2: hangedman_vaults_cutoff, v_misc_12, nicolae_vaults_turnstiles,
          ontoclasm_vaults_claustrophobia, nicolae_vaults_tetromino_T_2,
          nicolae_vaults_closet_pinwheel_6, nicolae_vaults_double_plus_2,
          v_misc_19, vaults_mumra_chevron_long,
          nicolae_vaults_variable_pillar_hall, nicolae_vaults_trapezoid_3,
          nicolae_vaults_door_testing_chamber, nicolae_vaults_weapon_check,
          layout_vaults_maze_bifur
Vaults:3: minmay_crypt_entry_simple_sparse, nicolae_vaults_closet_pinwheel_4,
          nicolae_vaults_layer_cake_slice, v_misc_27,
          nicolae_vaults_hallways_thing, nicolae_vaults_lightning_bolt,
          hangedman_vaults_stagger, v_misc_3, vaults_mumra_lcd,
          grunt_vaults_funnel, vaults_standard_mumra_x,
          nicolae_vaults_enemy_cabinets, layout_vaults_ring, serial_shops,
          nicolae_shop_mannequins, uniq_jory
Vaults:4: hangedman_vaults_impose, vaults_standard_mumra_lines,
          nicolae_vaults_windows_and_doors_thing, nicolae_vaults_house_2,
          nicolae_vaults_two_Ls, ontoclasm_vaults_fault,
          nicolae_vaults_taking_the_gang_shopping, nicolae_vaults_trapezoid_2,
          gargoyle_guard, nicolae_vaults_cornered_office,
          nicolae_vaults_three_branches, vaults_mumra_hexcomb, v_misc_13,
          layout_vaults_big_room, serial_shops, shop
Vaults:5: uniq_frederick, uniq_boris, uniq_sojobo
Crypt:1:  layout_basic
Crypt:2:  layout_gridlike, uniq_zenata
Crypt:3:  quadcrypt_mu
Depths:1: layout_long_grid, enter_ziggurat_c, hell_entry, corexii_corridor_pit,
          kilobyte_rumbling_trees, grunt_megastairs_2
Depths:2: minmay_blocking_statues, layout_basic,
          nicolae_hepliaklqana_hazy_memory, abyss_entry_small_statue_room,
          grunt_hell_entry_dis_grunt, grunt_pan_entry_sceptre
Depths:3: cheibrodos_leafed_vault, layout_small_grid, abyss_entry, serial_shops,
          nicolae_shop_rolled_up, grunt_hell_horde,
          infiniplex_staircase_squiggle, uniq_vv, uniq_enchantress, uniq_mara
Depths:4: evilmike_zot_entry_diamond, layout_basic, hangedman_tar_grid_catacomb,
          roderic_malta_cross, minmay_misc_feat_rugged, elyvilon_altar_4
Zot:1:    gammafunk_dig_for_victory, layout_onion_interference
Zot:2:    layout_misc_corridors, st_stairs_8
Zot:3:    layout_gridlike, gammafunk_ghost_crypt
Zot:4:    kennysheep_oblong_rooms, layout_gridlike, bh_zot_levy_curve,
          grunt_ministairs_11, uniq_josephina
Zot:5:    layout_misc_corridors

Skill      XL: |  1  2  3  4  5  6  7  8  9 10 11 12 13 14 15 16 17 18 19 20 21 22 23 24 25 26 27 |
---------------+----------------------------------------------------------------------------------+-----
Invocations    | 1 2 3 4 5 6 7 8 9 10 11 12 13 14 15 16 17 18 19 21 | 21.5
Short Blades   | 1 2 3 5 6 7 8 9 10 11 12 13 14 15 16 17 18 20 | 20.0
Long Blades    | 1 2 3 5 6 7 8 9 10 11 12 13 14 15 16 17 18 20 | 20.0
Axes           | 1 2 3 5 6 7 8 9 10 11 12 13 14 15 16 17 18 20 | 20.0
Maces & Flails | 1 2 3 5 6 7 8 9 10 11 12 13 14 15 16 17 18 22 | 22.3
Staves         | 1 2 3 5 6 7 8 9 10 11 12 13 14 15 16 17 18 20 | 20.0
Ranged Weapons | 1 2 3 5 6 7 8 9 10 11 12 13 14 15 16 17 18 20 | 20.0
Throwing       | 1 2 3 6 7 9 10 12 13 14 15 16 17 18 19 20 21 22 23 24 26 | 26.6
Armour         | 1 2 3 5 6 7 8 9 10 11 12 13 14 15 16 17 18 20 | 20.0
Dodging        | 1 2 3 5 6 7 8 9 10 11 12 13 14 15 16 17 18 20 | 20.0
Stealth        | 1 2 3 5 6 7 8 9 10 11 12 13 14 15 16 17 18 20 | 20.0
Shields        | 1 2 3 5 6 7 8 9 10 11 12 13 14 15 16 17 18 20 | 20.0
Unarmed Combat | 1 2 3 5 6 7 8 9 10 11 12 13 14 15 16 17 18 20 | 20.0
Spellcasting   | 3 4 5 6 7 8 9 10 11 12 13 14 15 16 17 18 20 | 20.1
Conjurations   | 1 2 3 4 5 6 7 8 9 10 11 12 13 14 15 17 | 17.0
Hexes          | 1 2 3 4 5 6 7 8 9 10 11 12 13 14 15 17 | 17.0
Summonings     | 1 2 3 4 5 6 7 8 9 10 11 12 13 14 15 17 | 17.0
Necromancy     | 1 2 3 4 5 6 8 9 11 12 13 14 15 16 17 18 19 20 22 | 22.5
Translocations | 1 2 3 4 5 6 7 8 9 10 11 12 13 14 15 17 | 17.0
Ice Magic      | 1 2 3 4 5 6 7 8 9 10 11 12 13 14 15 17 | 17.0
Air Magic      | 1 2 3 4 5 6 7 8 9 10 11 12 13 14 15 17 | 17.0
Earth Magic    | 1 2 3 4 5 6 7 8 9 10 11 12 13 14 15 17 | 17.0
Alchemy        | 1 2 3 4 5 6 7 8 9 10 11 12 13 14 15 17 | 17.0
Evocations     | 1 2 3 5 6 7 8 9 10 11 12 13 14 15 16 17 18 20 | 20.0
Shapeshifting  | 1 2 3 4 5 6 7 8 9 10 11 12 13 14 15 16 18 | 18.5
Fighting       | 7 8 9 10 11 12 13 14 15 16 17 18 19 20 | 20.8
Polearms       | 7 8 9 10 11 12 13 14 15 16 17 18 19 20 | 20.8
Fire Magic     | 6 7 8 9 10 11 12 13 14 15 16 17 | 17.8

Action                     |  1- 3 |  4- 6 |  7- 9 | 10-12 | 13-15 | 16-18 | 19-21 | 22-24 | 25-27 || total
---------------------------+-------+-------+-------+-------+-------+-------+-------+-------+-------++-------
  Melee: Spear             |   113 |   122 |   228 |       |       |       |       |       |       ||   463
         Bite              |     8 |     9 |    27 |    90 |   285 |   202 |   313 |   220 |   252 ||  1406
         Morningstar       |       |       |    54 |    13 |       |       |       |       |       ||    67
         Rapier            |       |       |       |   149 |       |       |       |       |       ||   149
         Trident           |       |       |       |   190 |  1566 |   312 |       |       |       ||  2068
         Falchion          |       |       |       |   414 |       |       |       |       |       ||   414
         Scimitar          |       |       |       |       |   244 |       |       |       |       ||   244
         Flail             |       |       |       |       |       |  1024 |  1721 |   827 |    19 ||  3591
         Staff             |       |       |       |       |       |       |     1 |   141 |    82 ||   224
         Demon whip        |       |       |       |       |       |       |       |       |   592 ||   592
         Unarmed           |       |       |       |       |       |       |       |       |   667 ||   667
   Fire: Greatsling        |       |       |       |       |       |       |       |       |    16 ||    16
  Throw: Dart              |       |     2 |    23 |       |     5 |    19 |       |     1 |       ||    50
         Throwing net      |       |       |     2 |     3 |       |       |       |       |       ||     5
         Boomerang         |       |       |       |    18 |     4 |       |       |       |       ||    22
   Cast: Scorch            |     4 |    36 |   124 |   181 |    18 |       |       |       |       ||   363
         Summon Ice Beast  |       |       |     6 |    91 |    90 |    62 |    12 |       |       ||   261
         Frozen Ramparts   |       |       |       |    15 |    11 |     4 |     1 |       |       ||    31
         Irradiate         |       |       |       |       |    15 |    45 |    50 |    39 |    27 ||   176
         Borgnjor's Vile C |       |       |       |       |     5 |    75 |    25 |    25 |    47 ||   177
         Summon Lightning  |       |       |       |       |       |    10 |    10 |       |       ||    20
         Plasma Beam       |       |       |       |       |       |   104 |   135 |   372 |   310 ||   921
         Blink             |       |       |       |       |       |       |     2 |     1 |     3 ||     6
         Passage of Golubr |       |       |       |       |       |       |     1 |       |     9 ||    10
         Summon Forest     |       |       |       |       |       |       |     4 |       |    13 ||    17
         Manifold Assault  |       |       |       |       |       |       |       |    16 |     9 ||    25
         Spellforged Servi |       |       |       |       |       |       |       |    41 |    55 ||    96
         Ignition          |       |       |       |       |       |       |       |       |    24 ||    24
         Passwall          |       |       |       |       |       |       |       |       |     3 ||     3
         Lehudib's Crystal |       |       |       |       |       |       |       |       |     2 ||     2
         Disjunction       |       |       |       |       |       |       |       |       |     1 ||     1
 Invoke: Fiery Armour      |       |       |     2 |     2 |       |     2 |       |       |     1 ||     7
         Rising Flame      |       |       |       |       |       |       |       |       |     1 ||     1
  Evoke: Wand              |       |       |     3 |    15 |     3 |    22 |     8 |     3 |    11 ||    65
         Condenser vane    |       |       |       |       |     1 |     1 |       |     1 |     2 ||     5
         Sack of spiders   |       |       |       |       |       |       |       |     3 |     2 ||     5
         Lightning rod     |       |       |       |       |       |       |       |       |     2 ||     2
    Use: Potion            |     3 |       |     1 |     3 |     2 |    18 |    12 |     3 |    20 ||    62
         Scroll            |       |       |    14 |    10 |    12 |    19 |    20 |     9 |    25 ||   109
   Stab: Distracted        |       |     1 |     1 |     6 |    18 |     4 |     8 |     4 |    26 ||    68
         Paralysed         |       |       |       |    20 |       |     3 |     9 |       |       ||    32
         Held in net/web   |       |       |       |     2 |       |       |       |       |       ||     2
         Sleeping          |       |       |       |     3 |    10 |     7 |    22 |     4 |    12 ||    58
         Invisible         |       |       |       |       |       |       |     2 |       |     4 ||     6
         Confused          |       |       |       |       |       |       |       |     1 |       ||     1
 Armour: Robe              |    32 |       |       |       |       |       |       |       |       ||    32
         Ring mail         |       |    49 |   202 |   414 |   752 |   337 |       |       |       ||  1754
         Leather armour    |       |       |       |       |       |   244 |    36 |       |       ||   280
         Troll leather arm |       |       |       |       |       |    34 |       |       |       ||    34
         Skin              |       |       |       |       |       |       |   880 |   852 |  1237 ||  2969
  Dodge: Dodged            |    42 |    27 |   178 |   500 |   841 |   542 |  1140 |   585 |   895 ||  4750
  Block: Buckler           |       |     9 |    66 |   148 |       |       |       |       |       ||   223
         Kite shield       |       |       |       |    48 |   990 |   691 |  2389 |  1426 |  1623 ||  7167
         Reflection        |       |       |       |       |       |       |    55 |    23 |       ||    78
   Form: Statue            |       |       |       |       |       |       |     2 |     1 |     2 ||     5
                           |       |       |       |       |       |       |     1 |     1 |     2 ||     4
